 Dungeon Crawl Stone Soup version 0.27-a0-79-gcaaa221d37 (webtiles) character file.

Game seed: 11445994995642753412

282 kae the Changer (level 6, -5/38 HPs)
             Began as an Octopode Transmuter on Jan 14, 2021.
             Slain by a worker ant (8 damage)
             ... on level 4 of the Dungeon.
             The game lasted 00:03:20 (5152 turns).

kae the Changer (Octopode Transmuter)               Turns: 5152, Time: 00:03:20

Health: -5/38      AC:  1    Str: 11    XL:     6   Next: 28%
Magic:  11/11      EV: 13    Int: 15    God:
Gold:   165        SH:  0    Dex: 13    Spells: 8/12 levels left

rFire    . . .     SeeInvis .     - Unarmed
rCold    . . .     Faith    .   (no shield)
rNeg     . . .     Spirit   .   (helmet currently unavailable)
rPois    .         Reflect  .   (no amulet)
rElec    .         Harm     .   (no ring)
rCorr    .         Rampage  .   (no ring)
Will     .....                  (no ring)
Stlth    ++........             (no ring)
HPRegen  0.12/turn              (no ring)
MPRegen  0.12/turn              (no ring)
                                (no ring)
                                (no ring)

@: lethally poisoned (-5 -> -22), appendages (expiring)
A: almost no armour, stealthy swim, amphibious, 8 rings, constrict 8, tentacle
spike 3, camouflage 1, gelatinous body 1
a: End Transformation


You were on level 4 of the Dungeon.
One of your tentacles had a temporary spike.
You visited 1 branch of the dungeon, and saw 4 of its levels.

You collected 165 gold pieces.

Inventory:

Wands
 o - a wand of flame (27)
Scrolls
 a - a scroll of enchant armour {unknown}
 b - 2 scrolls of remove curse {unknown}
 d - a scroll of fear {unknown}
 e - a scroll of amnesia {unknown}
 h - a scroll of blinking {unknown}
 k - a scroll of enchant weapon {unknown}
 l - a scroll of magic mapping {unknown}
 n - 2 scrolls of teleportation {unknown}
 p - 2 scrolls of noise {unknown}
Potions
 c - 2 potions of ambrosia {unknown}
 f - a potion of magic {unknown}
 g - a potion of lignification {unknown}
 i - a potion of attraction {unknown}
 j - a potion of resistance {unknown}
 m - a potion of haste {unknown}
 q - a potion of invisibility {unknown}
 r - 2 potions of cancellation {unknown}
 s - a potion of heal wounds {unknown}


   Skills:
 - Level 1.3 Fighting
 - Level 2.2 Dodging
 - Level 3.4 Unarmed Combat
 + Level 3.5 Spellcasting
 + Level 3.8 Transmutations
 + Level 3.4 Poison Magic


You had 8 spell levels left.
You knew the following spells:

 Your Spells              Type           Power        Failure   Level
a - Beastly Appendage     Tmut           28%          4%          1
b - Spider Form           Tmut/Pois      6%           13%         3

Your spell library contained the following spells:

 Spells                   Type           Power        Failure   Level
 Wereblood                Tmut           14%          6%          2
 Ice Form                 Ice/Tmut       8%           65%         4
 Blade Hands              Tmut           7%           73%         5


Dungeon Overview and Level Annotations

Branches:
Dungeon (4/15)
 Temple: D:4-7

Altars:
Elyvilon
Zin
The Shining One

Annotations:
D:4 1 transporter, Menkaure


Innate Abilities, Weirdness & Mutations

You cannot wear most types of armour.
You are very stealthy in the water. (Stealth+)
You are amphibious.
You can wear up to eight rings at the same time.
You can use your tentacles to constrict eight enemies at once.
Your skin changes colour to match your surroundings (Stealth+).
Your rubbery body absorbs attacks. (AC +1, EV +1)
One of your tentacles bears a large vicious spike.


Message History

The scorpion is severely wounded.
You constrict the scorpion, but do no damage.
You feel sick.
You tentacle-slap the scorpion but do no damage.
The scorpion is severely wounded.
You constrict the scorpion, but do no damage.
You feel sick. The worker ant closely misses you. The scorpion stings you!
* * * LOW HITPOINT WARNING * * *
The worker ant bites you.
* * * LOW HITPOINT WARNING * * *
You are more poisoned.
The worker ant poisons you!
You tentacle-slap the scorpion. x2
You squeeze the scorpion, but do no damage.
The scorpion is almost dead.
Your transformation is almost over.
You constrict the scorpion, but do no damage.
* * * LOW HITPOINT WARNING * * *
You feel sick. The scorpion barely misses you. The worker ant bites you!
You die...

..... ## ....>. #.
....# #.##.....##
..##....)# #
##........# ...
#...s....#
#....#..@.....###
#...†.B.......##
........#........#
.#..##..##......#
## #.........##
.##...##....### #
......##.#...<##
..###......###.†.#
..........####..##


You could see a scorpion and a worker ant.

Vanquished Creatures
  Crazy Yiuf (D:2)
  An orc priest (D:3)
  An orc wizard (D:3)
  A worker ant (D:4)
  Natasha (thrice) (D:2)
  3 adders
  2 worms (D:2)
  4 leopard geckos
  2 orcs (D:3)
  5 giant cockroaches
  4 goblins
  9 hobgoblins
  4 jackals
  4 kobolds
  2 quokkas
  3 ball pythons
  7 bats
  4 frilled lizards
  5 rats
65 creatures vanquished.

Notes
Turn   | Place    | Note
-------+----------+-------------------------------------------
     0 | D:1      | kae the Octopode Transmuter began the quest for the Orb.
     0 | D:1      | Reached XP level 1. HP: 13/13 MP: 3/3
   530 | D:1      | Reached XP level 2. HP: 18/18 MP: 3/5
  1162 | D:1      | Reached XP level 3. HP: 16/23 MP: 4/6
  1166 | D:1      | Learned a level 3 spell: Spider Form
  1678 | D:2      | Reached skill level 1 in Poison Magic
  2197 | D:2      | Found a runed translucent door.
  2198 | D:2      | Noticed Crazy Yiuf
  2420 | D:2      | You fall into a shaft and drop 1 floor!
  2427 | D:3      | Reached XP level 4. HP: 28/28 MP: 5/7
  2549 | D:2      | Noticed Natasha
  2629 | D:2      | Found a glowing silver altar of Zin.
  2630 | D:2      | Found a white marble altar of Elyvilon.
  2632 | D:2      | Found a glowing golden altar of the Shining One.
  3031 | D:2      | Killed Crazy Yiuf
  3276 | D:2      | Killed Natasha
  3277 | D:2      | Reached XP level 5. HP: 12/33 MP: 5/9
  3574 | D:2      | Noticed Natasha
  3586 | D:2      | Killed Natasha
  3798 | D:2      | Found a glowing silver altar of Zin.
  3799 | D:2      | Found a white marble altar of Elyvilon.
  3801 | D:2      | Found a glowing golden altar of the Shining One.
  3897 | D:2      | Noticed Natasha
  3906 | D:2      | Killed Natasha
  4787 | D:3      | Reached XP level 6. HP: 33/38 MP: 7/11
  5024 | D:4      | Noticed a phantom
  5127 | D:4      | Found a transporter.
  5131 | D:4      | Noticed an ice beast
  5131 | D:4      | Noticed Menkaure
  5152 | D:4      | Slain by a worker ant

Illustrated notes

Levels and vault maps discovered:
D:1:      ncdulo_wetmaze, layout_basic
D:2:      layout_loops_cross, good_gods_temple_1, roderic_filled_cross,
          uniq_natasha, uniq_crazy_yiuf_cottage
D:3:      layout_rooms, serial_curves, eino_curves_02, eino_curves_03
D:4:      gammafunk_cloud_chamber, layout_cave_pools, general_overflow_altar,
          tgw_xom, gammafunk_temple_overflow_wave, uniq_sigmund, uniq_menkaure,
          uniq_robin

Skill      XL: |  1  2  3  4  5 |
---------------+----------------+-----
Poison Magic   | 1 2 3 |  3.4
Spellcasting   | 3 |  3.5
Transmutations | 3 |  3.8
Fighting       | |  1.3
Dodging        | |  2.2
Unarmed Combat | |  3.4

Action                   |  1- 3 |  4- 6 || total
-------------------------+-------+-------++-------
Melee: Unarmed           |    98 |    75 ||   173
       Constrict         |    28 |    13 ||    41
       Kick              |    19 |     8 ||    27
       Tentacles         |    17 |     9 ||    26
       Punch             |     3 |     3 ||     6
 Cast: Beastly Appendage |    29 |    13 ||    42
       Spider Form       |       |     8 ||     8
 Stab: Sleeping          |     8 |       ||     8
Armor: Skin              |    20 |       ||    20
Dodge: Dodged            |    79 |    40 ||   119

Table legend: (Time is in decaauts)
 A = Elapsed time spent in this place.
 B = Non-inter-level travel time spent in this place.
 C = Inter-level travel time spent in this place.
 D = Time resting spent in this place.
 E = Time spent auto-exploring this place.
 F = Levels seen in this place.
 G = Mean time per level.
                   A        B        C        D        E       F      G
               +--------+--------+--------+--------+--------+-----+--------+
         Total |   5149 |   4960 |    189 |    363 |   3989 |   4 | 1287.2 |
       Dungeon |   5149 |   4960 |    189 |    363 |   3989 |   4 | 1287.2 |
               +--------+--------+--------+--------+--------+-----+--------+

Top non-repeatable levels by time:
     D:2: 2619 daAuts
     D:1: 1625 daAuts
     D:3: 801 daAuts
     D:4: 102 daAuts
